Map: Ever Dream LE

Players

AfreecaDRG (DRG) - Winner!

  • Race: Zerg Zerg
  • Spawn Location: 7:00

TSGSolar (Solar)

  • Race: Zerg Zerg
  • League: Master
  • Spawn Location: 1:00

Event: Shopify TSL 5

VOD

Have the link to the VOD?

Description

Time

  • Played on: May 16, 2020, 7:30 a.m.
  • Length: 9:24

All games in this series

Show
View Real Time Build Order
Export as new Build Order

AfreecaDRG Zerg - Winner!

Build Orders: Hatch First 

Get SALT Encoding   

  12  0:00  Drone  
  13  0:12  Overlord  
  13  0:16  Drone  
  14  0:30  Drone x2  
  16  0:46  Hatchery  
  15  0:50  Drone  
  15  0:54  Drone  
  18  0:57  Drone  
  18  1:08  Extractor  
  17  1:12  Spawning Pool  
  17  1:15  Drone  
  17  1:19  Drone  
  18  1:27  Drone  
  19  1:38  Drone  
  20  1:49  Drone  
  21  1:59  Queen x2  
  21  2:00  Drone, Overlord  
  26  2:09  Drone  
  26  2:10  Drone  
  26  2:12  Metabolic Boost  
  28  2:21  Drone  
  28  2:22  Zergling x2  
  30  2:31  Hatchery  
  30  2:34  Drone  
  30  2:35  Drone  
  31  2:46  Baneling Nest  
  31  2:48  Overlord  
  31  2:50  Drone  
  31  2:54  Drone x2  
  33  3:03  Drone  
  34  3:06  Zergling x2  
  34  3:07  Zergling x4  
  34  3:09  Drone  
  34  3:10  Drone x2  
  34  3:11  Drone  
  41  3:17  Queen  
  43  3:22  Overlord  
  43  3:26  Drone  
  44  3:27  Evolution Chamber  
  44  3:31  Baneling  
  44  3:33  Drone  
  44  3:39  Overlord  
  44  3:41  Drone x4  
  44  3:45  Drone x2  
  50  3:49  Zergling x4  
  50  3:54  Drone  
  53  3:56  Zerg Missile Weapons Level 1  
  53  4:01  Drone x3  
  56  4:05  Drone x2  
  58  4:10  Roach Warren  
  58  4:12  Drone x3  
  58  4:14  Drone  
  60  4:20  Lair  
  60  4:22  Drone  
  60  4:23  Extractor  
  60  4:25  Extractor, Zergling x2  
  60  4:26  Drone  
  60  4:29  Overlord  
  61  4:33  Drone x4  
  65  4:38  Overlord  
  65  4:43  Overlord  
  65  4:45  Drone  
  66  4:49  Baneling x2  
  66  4:51  Drone x4  
  66  4:52  Extractor, Drone x3  
  72  4:55  Pneumatized Carapace  
  71  5:00  Drone  
  71  5:05  Zergling x10  
  77  5:09  Extractor x2  
  77  5:11  Drone  
  77  5:13  Drone  
  77  5:14  Drone x3  
  77  5:18  Drone  
  77  5:19  Glial Reconstitution  
  81  5:24  Overlord  
  81  5:35  Roach x4  
  88  5:37  Overlord  
  88  5:40  Roach  
  89  5:43  Hatchery  
  89  5:46  Drone  
  89  5:47  Drone  
  89  5:49  Roach x3  
  96  5:51  Overlord x3  
  96  5:52  Zerg Missile Weapons Level 2  
  96  5:55  Overlord  
  96  5:56  Evolution Chamber  
  95  5:57  Roach  
  95  5:58  Overseer  
  95  6:00  Roach x3  
  103  6:05  Roach  
  103  6:08  Overlord  
  105  6:14  Spine Crawler  
  105  6:16  Roach x2  
  105  6:17  Spine Crawler  
  110  6:18  Roach x4  
  110  6:22  Roach x3, Spine Crawler  
  110  6:23  Ravager x2  
  125  6:25  Roach  
  125  6:27  Roach  
  125  6:28  Roach  
  125  6:32  Roach x2  
  133  6:37  Roach x3  
  139  6:43  Roach  
  133  6:50  Roach x2  
  135  6:54  Roach  
  135  6:55  Roach x3  
  135  7:00  Roach x3  
  144  7:02  Ravager  
  143  7:12  Overlord x2  
  141  7:19  Roach x4  
  143  7:26  Roach x2  
  141  7:31  Roach x3  
  127  7:38  Roach x3  
  127  7:44  Ravager x2  
  129  7:45  Ravager  
  129  7:47  Queen  
  129  7:48  Roach x3  
  138  7:53  Roach x2  
  138  7:54  Overlord  
  138  7:58  Roach x2  
  146  8:03  Nydus Network  
  145  8:06  Drone x5  
  145  8:08  Extractor  
  149  8:13  Roach x3  
  155  8:22  Overlord  
  155  8:27  Roach  
  155  8:28  Roach x2  
  161  8:35  Roach x3  
  161  8:37  Hatchery  
  166  8:43  Nydus Canal  
  166  8:44  Roach x5  
  166  8:47  Roach  
  178  8:50  Overlord  
  178  8:52  Overlord  
  178  8:55  Overlord  
  178  8:58  Nydus Canal  
Show
View Real Time Build Order
Export as new Build Order

TSGSolar Zerg 

Build Orders: Hatch First 

Get SALT Encoding   

  12  0:01  Drone  
  13  0:12  Overlord  
  13  0:17  Drone  
  14  0:30  Drone x2  
  16  0:48  Hatchery  
  15  0:51  Drone  
  15  0:55  Drone  
  17  0:58  Drone  
  18  1:09  Extractor  
  17  1:14  Spawning Pool  
  17  1:16  Drone  
  17  1:19  Drone  
  18  1:27  Drone  
  19  1:38  Drone  
  20  1:57  Drone  
  20  2:00  Queen x2  
  25  2:01  Zergling x2  
  25  2:02  Overlord  
  26  2:09  Metabolic Boost  
  26  2:12  Drone x2  
  28  2:21  Drone x2  
  30  2:33  Hatchery  
  30  2:36  Drone  
  30  2:39  Drone  
  30  2:44  Drone  
  32  2:49  Baneling Nest  
  32  2:51  Drone  
  32  2:53  Overlord  
  32  2:55  Zergling x2  
  33  3:04  Drone x2  
  35  3:09  Zergling x2  
  35  3:12  Queen, Zergling x4  
  38  3:14  Drone  
  38  3:17  Drone  
  38  3:19  Drone  
  43  3:23  Overlord  
  43  3:25  Drone  
  44  3:32  Evolution Chamber  
  44  3:33  Drone  
  44  3:43  Drone x5  
  44  3:46  Drone  
  50  3:48  Overlord  
  50  3:53  Zergling x2  
  51  3:57  Baneling  
  51  3:58  Zergling x2  
  52  4:03  Drone x2  
  52  4:05  Zerg Missile Weapons Level 1  
  52  4:07  Roach Warren  
  53  4:10  Drone, Overlord  
  53  4:11  Lair  
  53  4:15  Extractor  
  53  4:16  Extractor  
  51  4:17  Zergling x6  
  51  4:21  Drone x3  
  57  4:24  Drone  
  57  4:25  Drone  
  57  4:28  Drone  
  57  4:30  Overlord  
  60  4:33  Drone  
  60  4:34  Drone  
  60  4:37  Drone  
  63  4:39  Drone x2  
  63  4:42  Overlord  
  64  4:46  Drone  
  64  4:49  Extractor  
  64  4:51  Drone x3  
  67  4:53  Drone x3  
  67  4:55  Overlord  
  67  4:57  Extractor  
  67  4:59  Overlord  
  69  5:03  Overlord  
  69  5:10  Overlord  
  69  5:12  Drone  
  69  5:13  Glial Reconstitution  
  70  5:15  Roach x4  
  70  5:17  Overseer  
  78  5:22  Roach  
  78  5:25  Overlord  
  78  5:27  Roach x3  
  85  5:35  Roach x2  
  89  5:37  Nydus Network  
  89  5:39  Overlord  
  89  5:41  Roach x2  
  92  5:43  Roach  
  92  5:49  Roach x3  
  100  5:51  Overlord  
  100  5:52  Baneling  
  100  5:56  Roach x2  
  104  6:01  Roach x3  
  110  6:08  Roach x3  
  116  6:13  Roach x2  
  116  6:14  Roach  
  116  6:17  Nydus Canal  
  122  6:21  Roach x3  
  128  6:27  Roach x3  
  128  6:30  Roach  
  128  6:31  Roach  
  138  6:33  Roach  
  138  6:35  Roach  
  138  6:38  Roach  
  138  6:39  Roach  
  142  6:41  Roach  
  142  6:43  Roach  
  142  6:45  Roach  
  143  6:47  Roach  
  143  6:51  Roach  
  143  6:52  Roach  
  144  6:55  Roach  
  144  6:56  Roach  
  145  7:02  Roach  
  145  7:07  Roach  
  145  7:11  Roach  
  145  7:14  Overlord  
  145  7:15  Roach  
  143  7:16  Roach  
  143  7:19  Roach  
  143  7:21  Roach  
  145  7:23  Roach  
  145  7:24  Roach  
  145  7:27  Roach  
  127  7:30  Roach  
  127  7:31  Roach x6  
  127  7:32  Roach  
  127  7:34  Roach  
  125  7:37  Roach  
  125  7:38  Roach  
  125  7:41  Roach  
  125  7:44  Roach x2  
  133  7:45  Drone  
  133  7:50  Drone  
  135  7:52  Drone  
  135  7:55  Extractor  
  135  7:59  Drone  
  135  8:00  Drone, Spire  
  135  8:02  Drone  
  135  8:03  Drone x2  
  140  8:05  Drone  
  140  8:10  Overlord  
  140  8:11  Overlord  
  140  8:15  Overseer  
  140  8:18  Roach x3  
  146  8:23  Overlord  
  146  8:28  Overlord  
  146  8:30  Ravager  
  146  8:31  Ravager  
  146  8:32  Ravager  
  146  8:33  Roach x3  
  146  8:34  Overlord  
  155  8:37  Overlord  
  155  8:40  Overlord  
  154  8:43  Roach x2  
  154  8:45  Overlord  
  158  8:50  Drone  
  159  8:56  Roach x5  
  159  9:00  Roach x2  
  175  9:02  Roach  
Tags
 
Add a new tag
Caveats
  • Supply blocks, unpowered buildings, or Contaminate may cause inaccurate times.
  • Supply counts are checked every 10 seconds.